 Dungeon Crawl Stone Soup version 0.21.1-1-g345015fe64 (webtiles) character file.

110161 Fascinator the Severer (level 16, -1/148 HPs)
             Began as a Deep Dwarf Fighter on July 10, 2018.
             Was the Champion of Makhleb.
             Killed from afar by a deep elf mage (44 damage)
             ... with a bolt of lightning
             ... on level 2 of the Elven Halls.
             The game lasted 01:44:43 (20399 turns).

Fascinator the Severer (Deep Dwarf Fighter)        Turns: 20399, Time: 01:44:44

Health: -1/148     AC: 29    Str: 25    XL:     16   Next: 6%
Magic:  19/19      EV: 13    Int: 12    God:    Makhleb [******]
Gold:   1413       SH: 19    Dex: 12    Spells: 24/26 levels left

rFire    + . .     SeeInvis .   J - +3 war axe (chop)
rCold    . . .     Gourm    .   H - +5 shield {AC+3}
rNeg     + . .     Faith    .   s - +3 plate armour
rPois    .         Spirit   .   W - +0 helmet {Int+3}
rElec    .         Reflect  .   B - +2 cloak {MR+}
rCorr    .         Harm     +   (no gloves)
MR       +++..                  i - +0 pair of boots
Stlth    ..........             A - amulet of harm
HPRegen  0.00/turn              l - ring of protection from fire
MPRegen  0.16/turn              u - +3 ring of evasion

@: flying (expiring), non-regenerating, studying Shields, drained
A: damage resistance, heal wounds, molten scales 1, dopey 1, negative energy
resistance 1, sense surroundings 2, no regeneration
a: Heal Wounds, Minor Destruction, Lesser Servant of Makhleb, Major Destruction,
Greater Servant of Makhleb, Renounce Religion


You were on level 2 of the Elven Halls.
You worshipped Makhleb.
Makhleb was exalted by your worship.
You were hungry.

You visited 4 branches of the dungeon, and saw 21 of its levels.
You also visited: Labyrinth and Bailey.

You collected 2352 gold pieces.
You spent 939 gold pieces at shops.

Inventory:

Hand Weapons
 J - a +3 war axe of chopping (weapon)
Armour
 g - +0 fire dragon scales
 i - a +0 pair of boots (worn)
 s - a +3 plate armour (worn)
 B - a +2 cloak of magic resistance (worn)
 H - a +5 shield of protection (worn)
 W - a +0 helmet of intelligence (worn)
 Y - a +1 buckler of positive energy
Magical Staves
 v - an uncursed staff of summoning
 S - an uncursed staff of conjuration
Jewellery
 c - an uncursed ring of protection from cold
 k - an uncursed ring of flight
 l - a ring of protection from fire (left hand)
 u - a +3 ring of evasion (right hand)
 A - an amulet of harm (around neck)
Wands
 r - a wand of iceblast (15)
 y - a wand of digging (6)
 C - a wand of scattershot (3)
 E - a wand of clouds (7)
 K - a wand of paralysis (21)
 L - a wand of random effects (79)
 U - a wand of acid (4)
 V - a wand of enslavement (13)
 Z - a wand of flame (16)
Scrolls
 e - 4 scrolls of magic mapping
 h - 4 scrolls of blinking
 m - 8 scrolls of identify
 o - 2 scrolls of remove curse
 p - 16 scrolls of teleportation
 t - 2 scrolls of immolation
 x - 3 scrolls of enchant armour
 D - a scroll of brand weapon
 F - a scroll of fear
 I - a scroll of summoning
 T - a scroll of holy word
 X - a scroll of amnesia
Potions
 b - 3 potions of magic
 d - a potion of berserk rage
 j - 2 potions of flight
 q - 2 potions of heal wounds
 w - a potion of might
 z - 2 potions of curing
 G - 2 potions of invisibility
 N - a potion of mutation
 O - a potion of haste
 R - a potion of agility
Books
 a - a manual of Shields
 n - a book of Conjurations

   Spells                             Type                      Level
   a - Magic Dart                     Conjuration                  1
   b - Searing Ray                    Conjuration                  2
   c - Dazzling Spray                 Conjuration/Hexes            3
   d - Fulminant Prism                Conjuration/Hexes            4
   e - Force Lance                    Conjuration/Translocation    4
   f - Iskenderun's Mystic Blast      Conjuration                  4
 M - the Disquisition on Combat Magic
   (You found it on level 1 of the Elven Halls)

   Spells                             Type                      Level
   a - Mephitic Cloud                 Conjuration/Poison/Air       3
   b - Force Lance                    Conjuration/Translocation    4
   c - Fulminant Prism                Conjuration/Hexes            4
   d - Lightning Bolt                 Conjuration/Air              5
Miscellaneous
 P - a lightning rod (4/4)
 Q - a lightning rod (4/4)
Comestibles
 f - 28 rations


   Skills:
 + Level 10.6(10.4) Fighting
 - Level 15.8 Axes
   Level 3.0(10.1) Maces & Flails
 + Level 11.3(11.2) Armour
 + Level 5.7(5.5) Dodging
 - Level 15.0(14.9) Shields
 * Level 5.9(5.8) Spellcasting
 * Level 8.0(7.9) Earth Magic
 * Level 13.7(13.6) Invocations
 - Level 10.0(9.8) Evocations


You had 24 spell levels left.
You knew the following spells:

 Your Spells              Type           Power        Failure   Level  Hunger
a - Passwall              Tmut/Erth      ##........   45%         2    ##.....


Dungeon Overview and Level Annotations

Branches:
Dungeon (11/15)            Temple (0/1) D:6            Lair (6/6) D:9
 Shoals (0/4) Lair:4        Snake (0/4) Lair:2        Slime (0/5) Lair:5
    Orc (2/2) D:9             Elf (2/3) Orc:2

Altars:
Ashenzari
Cheibriados
Elyvilon
Makhleb
Qazlal
Sif Muna
Uskayaw
Vehumet
Wu Jian
Xom
Yredelemnul
The Shining One
Beogh
Jiyva

Shops:
D:6 *   D:7 [   D:9 [   D:10 }   Orc:2 [=*(   Elf:2 }!

Annotations:
D:5 1 runed door, Shavain's ghost, novice MiFi
Elf:2 3 runed doors


Innate Abilities, Weirdness & Mutations

You are resistant to damage.
You can heal yourself by infusing magical energy.
You resist negative energy. (rN+)
You passively map the area around you.
You do not regenerate.
You are partially covered in molten scales. (AC +2)
You are dopey. (Int -2)


Message History

The deep elf mage is heavily wounded.
The deep elf archer blinks! x2
Your plate armour prevents you from hitting the deep elf archer.
The deep elf archer is severely wounded.
You block the air elemental's attack.
The deep elf archer unwields an uncursed short sword.
The deep elf archer wields an uncursed longbow.
The deep elf archer shoots an arrow.
The arrow hits you but does no damage.
You hear a shout!
You hit the air elemental.
The air elemental is moderately damaged.
The deep elf archer dies!
The vortex of raging winds lifts you up.
You fly up into the air.
* * * LOW HITPOINT WARNING * * *
You block the air elemental's attack. The air elemental closely misses you.
The deep elf mage gestures at you while chanting.
The bolt of lightning hits the air elemental.
The air elemental completely resists.
The bolt of lightning hits you!
You die...

### ###.### ####
###.....### * ##>.#
#.(.......# * , ....#
#..).e....## , , #'..#
#...(.()..e ,, , .####
#..(...(..#* * * , ##
#........@#* ** #
###)()..##E§§§§.., * ,*
##()###e§§§.... ,, *
######(### §§§§§... ,,
###...#'### ee§e§... ,
###.....)...# ....[... *
..'.......#'####........
*
###.......+∩'..+........
,,* #∩.∩..(.#'#### , ,,


You could see 2 deep elf archers, 2 deep elf magi and an air elemental.

Vanquished Creatures
  Saint Roka (Orc:2)
  Rupert (Orc:2)
  Gastronok (Lair:3)
  Azrael (Elf:2)
  A deep elf annihilator (Elf:1)
  An ettin (Orc:2)
  A deep elf death mage (Elf:1)
  A minotaur (Lab)
  3 hydras
  A catoblepas (Lair:5)
  A queen ant (D:11)
  5 two-headed ogres
  9 dancing weapons
  An orc high priest (Orc:2)
  The ghost of abdbla the Fighter, a novice GrFi of Qazlal (D:11)
  12 deep elf knights
  Nergalle (Orc:2)
  A wizard (D:8)
  An unseen horror (D:11)
  12 deep elf archers
  A wolf spider (Lair:6)
  3 orc knights (Orc:2)
  7 orc sorcerers
  25 deep elf magi
  3 oklob plants
  4 ugly things (D:11)
  10 elephants (Lair:3)
  2 centaur zombies (D:10)
  A guardian serpent (Lair:6)
  Maurice (D:8)
  10 black mambas
  12 spiny frogs
  2 torpor snails
  8 komodo dragons
  4 merfolk (Lair:4)
  2 ice devils (D:11)
  A troll (D:9)
  A polar bear (Lair:2)
  13 blink frogs
  9 hippogriffs
  3 hornets (Lair:6)
  2 spriggans
  An air elemental (Elf:2)
  A redback (Lair:6)
  A meliai zombie (D:11)
  16 wyverns
  3 water elementals
  A vampire (D:11)
  6 fire elementals
  57 yaks
  6 basilisks
  A steam dragon (Lair:6)
  An acid dragon (Lair:6)
  3 wargs (Orc:2)
  3 nagas (Lair:2)
  7 swamp worms (Lair:4)
  2 hell hounds (Elf:2)
  8 soldier ants (D:11)
  13 water moccasins
  13 porcupines
  4 swamp drakes (Lair:6)
  A hornet zombie (D:11)
  5 black bears
  An ice beast (D:11)
  39 orc warriors
  10 ogres
  3 sky beasts
  2 necrophages (D:7)
  A phantom (D:7)
  4 centaurs
  9 wolves
  13 crocodiles
  The ghost of Lavandula the Digger, an amateur BaEE (D:3)
  11 bullfrogs
  3 big kobolds
  4 killer bees (D:11)
  6 wights
  5 crimson imps
  2 howler monkeys
  4 jellies
  A quasit (D:10)
  A bullfrog zombie (D:7)
  6 hounds
  14 orc priests
  2 bullfrog skeletons
  5 centaur skeletons
  8 iguanas
  23 orc wizards
  20 worker ants
  A killer bee zombie (D:10)
  A hound zombie (D:7)
  A hound skeleton (D:11)
  2 worker ant zombies
  3 gnolls (D:4)
  13 adders
  2 shadow imps
  An ooze (D:4)
  2 adder zombies
  14 worms
  2 leopard geckos
  89 orcs
  A ball python (D:2)
  2 giant cockroaches
  9 goblins
  4 hobgoblins
  3 jackals (D:4)
  5 quokkas
  A ball python skeleton (D:4)
  15 bats
  5 frilled lizards
  A jackal zombie (D:7)
  26 kobolds
  7 rats
  2 fungi (Lair:6)
  14 plants
757 creatures vanquished.

Vanquished Creatures (collateral kills)
  A fire dragon (Lair:6)
  A hydra (D:11)
  A swamp dragon (Lair:6)
  An orc knight (Bailey)
  An elephant (Lair:3)
  A gargoyle (D:11)
  A rime drake (Lair:6)
  A soldier ant (D:11)
  2 orc warriors (Bailey)
  2 crocodiles (Lair:6)
  A bullfrog (D:11)
  A worker ant (D:11)
  3 orcs (Bailey)
  A plant (Lair:6)
18 creatures vanquished.

Vanquished Creatures (others)
  4 deep elf knights (Elf:2)
  A deep elf archer (Elf:2)
  An iguana (Lair:6)
  An orc wizard (Orc:2)
  6 fungi (Lair:6)
  12 plants
25 creatures vanquished.

Grand Total: 800 creatures vanquished

Notes
Turn   | Place    | Note
-------+----------+-------------------------------------------
     0 | D:1      | Fascinator the Deep Dwarf Fighter began the quest for the Orb.
     0 | D:1      | Reached XP level 1. HP: 20/20 MP: 1/1
   208 | D:1      | Reached XP level 2. HP: 27/27 MP: 2/2
   702 | D:2      | Reached XP level 3. HP: 23/33 MP: 3/3
   887 | D:2      | Reached skill level 1 in Dodging
   955 | D:2      | Reached XP level 4. HP: 24/42 MP: 4/4
  1569 | D:3      | Found a burning altar of Makhleb.
  1578 | D:3      | Became a worshipper of Makhleb the Destroyer
  1625 | D:3      | Noticed Lavandula's ghost (amateur BaEE)
  1638 | D:3      | Killed Lavandula's ghost
  1638 | D:3      | Reached XP level 5. HP: 34/49 MP: 5/5
  2302 | D:4      | Noticed an ogre
  2307 | D:4      | Killed an ogre
  2307 | D:4      | Reached XP level 6. HP: 46/56 MP: 6/6
  2357 | D:4      | Found a hide-covered altar of Uskayaw.
  2357 | D:4      | Found a white marble altar of Elyvilon.
  2362 | D:4      | Found a snail-covered altar of Cheibriados.
  2364 | D:4      | Found a basalt altar of Yredelemnul.
  2367 | D:4      | Found a radiant altar of Vehumet.
  2442 | D:4      | Reached skill level 5 in Axes
  2536 | D:4      | Reached skill level 1 in Invocations
  2665 | D:4      | Reached XP level 7. HP: 44/62 MP: 7/7
  2675 | D:4      | Reached * piety under Makhleb
  2961 | D:5      | Entered Level 5 of the Dungeon
  3027 | D:5      | Reached skill level 5 in Armour
  3259 | D:5      | Reached skill level 5 in Shields
  3419 | D:5      | Found a glowing golden altar of the Shining One.
  3423 | D:5      | Noticed an angel
  3435 | D:5      | Found a runed door.
  3477 | D:5      | Noticed Shavain's ghost (novice MiFi)
  3554 | D:5      | Gained mutation: You are dopey. (Int -2) [potion of mutation]
  3554 | D:5      | Gained mutation: You are partially covered in molten scales. (AC +2) [potion of mutation]
  3645 | D:5      | Reached skill level 1 in Maces & Flails
  3740 | D:6      | Reached XP level 8. HP: 33/72 MP: 10/10
  3959 | D:6      | Found Feudghiodo's Assorted Antiques.
  4107 | D:6      | Found a staircase to the Ecumenical Temple.
  4618 | D:7      | Found Perchec's Armour Shop.
  4673 | D:7      | Reached skill level 5 in Invocations
  4686 | D:7      | Reached ** piety under Makhleb
  4727 | D:7      | Gained mutation: You passively map the area around you. [Deep Dwarf growth]
  4727 | D:7      | Reached XP level 9. HP: 55/79 MP: 11/11
  5297 | D:8      | Noticed a two-headed ogre
  5301 | D:8      | Noticed Maurice
  5304 | D:8      | HP: 1/117 [two-headed ogre/giant club (20)]
  5308 | D:8      | Killed a two-headed ogre
  5308 | D:8      | Reached skill level 5 in Fighting
  5709 | D:8      | Killed Maurice
  5827 | D:8      | Noticed an orc sorcerer
  5828 | D:8      | Noticed an orc sorcerer
  5842 | D:8      | Noticed a sixfirhy
  5848 | D:8      | HP: 2/81 [sixfirhy[an orc sorcerer] (8)]
  5855 | D:8      | Killed an orc sorcerer
  5855 | D:8      | Reached XP level 10. HP: 54/88 MP: 12/12
  5872 | D:8      | Killed an orc sorcerer
  6049 | D:8      | Noticed a wizard
  6058 | D:8      | Killed a wizard
  6058 | D:8      | Reached skill level 10 in Axes
  6058 | D:8      | Reached skill level 1 in Evocations
  6131 | D:8      | Found a shimmering altar of Xom.
  6134 | D:8      | Found a stormy altar of Qazlal.
  6137 | D:8      | Found a deep blue altar of Sif Muna.
  6138 | D:8      | Found a shattered altar of Ashenzari.
  6140 | D:8      | Found an ornate altar of the Wu Jian Council.
  6601 | D:7      | Bought a +2 shield of protection for 322 gold pieces
  6722 | D:9      | Found a staircase to the Orcish Mines.
  6847 | D:9      | Reached *** piety under Makhleb
  6996 | D:9      | Found Xemeamubb's Antique Armour Emporium.
  7089 | D:9      | Found a staircase to the Lair.
  7453 | D:10     | Entered Level 10 of the Dungeon
  7613 | D:10     | Reached XP level 11. HP: 92/97 MP: 14/14
  7769 | D:10     | Reached **** piety under Makhleb
  7864 | D:10     | Reached skill level 5 in Evocations
  7894 | D:10     | Found Idocakhlo's Gadget Emporium.
  7898 | D:10     | Bought a wand of paralysis (8) for 150 gold pieces
  8299 | D:10     | Found a roughly hewn altar of Beogh.
  8352 | D:11     | Noticed abdbla's ghost (novice GrFi)
  8365 | D:11     | Killed abdbla's ghost
  8429 | D:11     | Killed an unseen horror
  8436 | D:11     | Noticed a two-headed ogre
  8452 | D:11     | Killed a two-headed ogre
  8455 | D:11     | Reached ***** piety under Makhleb
  8506 | D:11     | Noticed a two-headed ogre
  8507 | D:11     | Noticed an eight-headed hydra
  8513 | D:11     | Killed a two-headed ogre
  8513 | D:11     | Reached skill level 10 in Invocations
  8529 | D:11     | Killed an 11-headed hydra
  8568 | D:11     | Noticed a brown ugly thing
  8568 | D:11     | Noticed a white ugly thing
  8578 | D:11     | Killed a white ugly thing
  8578 | D:11     | Reached XP level 12. HP: 76/106 MP: 14/14
  8655 | D:11     | Reached skill level 5 in Dodging
  8726 | D:11     | Noticed a queen ant
  8738 | D:11     | Noticed a two-headed ogre
  8749 | D:11     | Killed a queen ant
  8755 | D:11     | Killed a two-headed ogre
  8929 | D:11     | Found a flagged portal.
  8935 | Bailey   | Entered a bailey
  9721 | Lair:1   | Entered Level 1 of the Lair of Beasts
  9853 | Lair:1   | Reached skill level 10 in Shields
  9983 | Lair:1   | Noticed a five-headed hydra
  9999 | Lair:1   | Killed a 13-headed hydra
 10291 | Lair:1   | Reached XP level 13. HP: 35/115 MP: 16/16
 10640 | Lair:2   | Found a staircase to the Snake Pit.
 10670 | Lair:2   | Found a labyrinth entrance.
 10704 | Lab      | Entered a labyrinth
 11296 | Lab      | Noticed a minotaur
 11313 | Lab      | Killed a minotaur
 11329 | Lab      | Identified the Handbook of Glacial Summoning
 11329 | Lab      | Identified the Tome of Glacial Talismans
 11863 | Lair:3   | Noticed Gastronok
 11873 | Lair:3   | Killed Gastronok
 12954 | Lair:4   | Reached skill level 10 in Evocations
 13016 | Lair:4   | Found a staircase to the Shoals.
 13192 | Lair:4   | Reached ****** piety under Makhleb
 14074 | Lair:4   | Gained mutation: You resist negative energy. (rN+) [Deep Dwarf growth]
 14074 | Lair:4   | Reached XP level 14. HP: 114/126 MP: 17/17
 14679 | Lair:5   | Found a staircase to the Slime Pits.
 14679 | Lair:5   | Found a viscous altar of Jiyva.
 14874 | Lair:5   | Reached skill level 1 in Spellcasting
 15004 | Lair:5   | Found a runed door.
 15453 | Lair:6   | Entered Level 6 of the Lair of Beasts
 15615 | Lair:6   | Reached skill level 10 in Armour
 15618 | Lair:6   | Paralysed by a hornet for 2 turns
 16099 | Lair:6   | Reached skill level 15 in Axes
 16607 | Lair:6   | HP: 6/127 [poison (poison gas)]
 17054 | Lair:1   | Learned a level 2 spell: Passwall
 17363 | Orc:1    | Entered Level 1 of the Orcish Mines
 17441 | Orc:1    | Reached skill level 1 in Earth Magic
 18046 | Orc:2    | Entered Level 2 of the Orcish Mines
 18098 | Orc:2    | Noticed Rupert
 18115 | Orc:2    | Killed Rupert
 18166 | Orc:2    | Found a staircase to the Elven Halls.
 18407 | Orc:2    | Noticed Nergalle
 18411 | Orc:2    | Noticed Saint Roka
 18423 | Orc:2    | Killed Nergalle
 18471 | Orc:2    | HP: 5/127 [red devil/enchanted trident[an orc high priest] (10)]
 18474 | Orc:2    | Killed Saint Roka
 18474 | Orc:2    | Reached XP level 15. HP: 51/135 MP: 17/17
 18479 | Orc:2    | Found a roughly hewn altar of Beogh.
 18505 | Orc:2    | Found Tawah's Antique Armour Emporium.
 18638 | Orc:2    | Found Qeekk's Jewellery Emporium.
 18790 | Orc:2    | Found Doecounkiss's Antique Weapon Emporium.
 18805 | Orc:2    | Found Hikkohys's General Store.
 18812 | Orc:2    | Bought a scroll of enchant weapon for 135 gold pieces
 18812 | Orc:2    | Bought a ration for 90 gold pieces
 18812 | Orc:2    | Bought a ration for 90 gold pieces
 19006 | Elf:1    | Entered Level 1 of the Elven Halls
 19161 | Elf:1    | Reached skill level 5 in Earth Magic
 19556 | Elf:1    | Reached skill level 5 in Spellcasting
 19576 | Elf:1    | Identified the Disquisition on Combat Magic
 19784 | Elf:1    | Reached skill level 15 in Shields
 19977 | Elf:2    | Got a transparent whip
 19978 | Elf:2    | Identified the +7 whip of the Aged Places {flame, *Rage +Blink +Rage Stlth+} (You found it on level 2 of the Elven Halls)
 19998 | Elf:2    | Found Ripniati's Gadget Shop.
 20093 | Elf:2    | Noticed Azrael
 20102 | Elf:2    | Killed Azrael
 20109 | Elf:2    | Reached skill level 10 in Fighting
 20244 | Elf:2    | Found a runed gate.
 20244 | Elf:2    | Found a runed gate.
 20244 | Elf:2    | Found a runed gate.
 20288 | Elf:2    | Found Horchaan's Distillery.
 20291 | Elf:2    | Bought a potion of mutation for 152 gold pieces
 20357 | Elf:2    | Reached XP level 16. HP: 10/147 MP: 19/19
 20399 | Elf:2    | Killed from afar by a deep elf mage

Skill      XL: |  1  2  3  4  5  6  7  8  9 10 11 12 13 14 15 16 |
---------------+-------------------------------------------------+-----
Fighting       | 3 4 5 6 7 8 9 10 | 10.6
Dodging        | 1 2 3 4 5 |  5.7
Axes           | 3 4 5 6 9 11 12 13 14 15 | 15.8
Shields        | 4 5 6 7 8 10 12 14 15 | 15.0
Armour         | 4 5 6 7 8 9 10 11 | 11.3
Invocations    | 1 3 5 7 8 10 11 12 13 | 13.7
Maces & Flails | 1 3 |  3.0
Evocations     | 4 6 8 10 | 10.0
Spellcasting   | 4 5 |  5.9
Earth Magic    | 4 7 8 |  8.0

Action                   |  1- 3 |  4- 6 |  7- 9 | 10-12 | 13-15 | 16-18 || total
-------------------------+-------+-------+-------+-------+-------+-------++-------
Melee: War axe           |   132 |   144 |   165 |   800 |  1385 |    36 ||  2662
       Mace              |       |       |   161 |       |       |       ||   161
       Battleaxe         |       |       |   103 |    44 |       |       ||   147
Invok: Lesser Servant of |       |       |       |     8 |     3 |       ||    11
       Major Destruction |       |       |       |     1 |     7 |     3 ||    11
       Minor Destruction |       |       |       |     5 |    18 |       ||    23
       Greater Servant o |       |       |       |       |     2 |       ||     2
 Abil: Heal Wounds       |       |     4 |    23 |     9 |     8 |     1 ||    45
       Evoke Flight      |       |       |       |     3 |       |       ||     3
Evoke: Wand              |       |       |       |     5 |    20 |       ||    25
  Use: Scroll            |       |     6 |     1 |    15 |    15 |       ||    37
       Potion            |       |     1 |     9 |     4 |     5 |       ||    19
 Stab: Distracted        |       |       |       |       |     1 |       ||     1
  Eat: Ration            |       |     1 |     1 |       |     3 |       ||     5
       Chunk             |       |     2 |     8 |    16 |    24 |       ||    50
Armor: Scale mail        |    72 |    44 |   239 |    12 |       |       ||   367
       Skin              |       |       |    44 |     7 |    12 |       ||    63
       Plate armour      |       |       |       |   376 |   400 |    11 ||   787
Dodge: Dodged            |    38 |    55 |   214 |   284 |   368 |     4 ||   963
Block: Shield            |    82 |    64 |   225 |   683 |   995 |    13 ||  2062
